 Dungeon Crawl Stone Soup version 0.17-a0-1617-gfba1302 (webtiles) character file.

160 matakusis the Ducker (level 5, 0/42 HPs)
             Began as a Demonspawn Gladiator on Aug 1, 2015.
             Slain by a mummy (14 damage)
             ... in an ossuary.
             The game lasted 00:13:41 (2220 turns).

matakusis the Ducker (Demonspawn Gladiator)         Turns: 2220, Time: 00:13:42

Health: 0/42       AC:  8    Str: 17    XL:     5   Next: 17%
Magic:  5/5        EV: 13    Int:  9    God:
Gold:   161        SH:  0    Dex: 12    Spells: 0 memorised, 4 levels left

rFire  . . .     SeeInvis .     x - +0 war axe
rCold  . . .     Clarity  .     b - +1 leather armour
rNeg   . . .     SustAt   .     (no shield)
rPois  .         Gourm    .     (helmet restricted)
rElec  .         Spirit   .     (no cloak)
rCorr  .         Warding  .     (no gloves)
rMut   .         Stasis   .     (no boots)
MR     .....                    (no amulet)
Stlth  +.........               (no ring)
                                (no ring)

@: very slightly contaminated, hasted, very quick, not resistant to hostile
enchantments, very unstealthy
A: horns 1, rough black scales 1, robust 1, rot immunity
a: no special abilities


You were in an ossuary.
You were hungry.

You visited 1 branch of the dungeon, and saw 4 of its levels.
You also visited: Ossuary.

You collected 161 gold pieces.

Inventory:

Hand weapons
 a - a +0 war axe
 i - a +2 spear of freezing
 j - a cursed -1 short sword
 x - a +0 war axe (weapon)
Missiles
 d - 3 throwing nets (quivered)
Armour
 b - a +1 leather armour (worn)
 c - a +0 helmet
 m - a +2 helmet
Scrolls
 f - a scroll of teleportation
 o - a scroll of blinking {unknown}
 r - a scroll of remove curse
 v - a scroll of amnesia
Potions
 p - a potion of lignification
Books
 l - an Akashic Record

   Spells                             Type                      Level
   a - Dispersal                      Translocation                6
   b - Controlled Blink               Translocation                7
   c - Malign Gateway                 Summoning/Translocation      7
   d - Disjunction                    Translocation                8
Comestibles
 e - 5 bread rations
 h - 4 fruits
 k - 2 beef jerkies
 n - a chunk of flesh


   Skills:
 + Level 2.6 Fighting
 + Level 3.7 Axes
 - Level 1.7 Throwing
 + Level 1.2 Armour
 + Level 4.0 Dodging


You had 4 spell levels left.
You didn't know any spells.

Dungeon Overview and Level Annotations

Branches:
Dungeon (4/15)
 Temple: D:4-7

Altars:
Trog


Innate Abilities, Weirdness & Mutations

You have a pair of small horns on your head.
You are partially covered in rough black scales (AC +4, Dex -1).
You are immune to rotting.
You are robust (+10% HP).


Message History

The mummy is severely damaged.
You hit the mummy but do no damage. You hit the mummy.
The mummy is moderately damaged.
You slash the mummy!
You destroy the mummy!
Your Dodging skill increases to level 4!
You hit the mummy.
The mummy is heavily damaged.
You hit the mummy.
The mummy is lightly damaged.
The mummy hits you!!
* * * LOW HITPOINT WARNING * * *
Drink which item? (? for menu, Esc to quit)
You feel better. The mummy hits you.
You hit the mummy but do no damage. You headbutt the mummy.
The mummy is severely damaged.
You hit the mummy.
The mummy is moderately damaged.
The mummy hits you!
You die...

###
#..######
##M.....#
#..@∩.∩.+
##M.....#
#..######
###


You could see 2 mummies.

Vanquished Creatures
  Natasha (D:4)
  A mummy (Ossuary)
  3 adders (D:3)
  An adder skeleton (D:4)
  3 worms (D:2)
  4 giant geckos
  3 orcs (D:3)
  12 bats
  10 hobgoblins
  7 jackals (D:2)
  A quokka (D:4)
  3 giant cockroaches
  2 giant newts (D:2)
  7 goblins
  14 kobolds
  5 rats
77 creatures vanquished.

Notes
Turn   | Place    | Note
--------------------------------------------------------------
     0 | D:1      | matakusis the Demonspawn Gladiator began the quest for the Orb.
     0 | D:1      | Reached XP level 1. HP: 16/16 MP: 1/1
   280 | D:1      | Reached skill level 3 in Dodging
   326 | D:1      | Gained mutation: You are partially covered in rough black scales (AC +4, Dex -1). [demonic ancestry]
   326 | D:1      | Reached XP level 2. HP: 12/22 MP: 2/2
   731 | D:2      | Gained mutation: You are immune to rotting. [demonic ancestry]
   731 | D:2      | Reached XP level 3. HP: 12/28 MP: 3/3
   852 | D:2      | Reached skill level 1 in Armour
  1068 | D:2      | Found a bloodstained altar of Trog.
  1419 | D:3      | Reached XP level 4. HP: 34/34 MP: 4/4
  2081 | D:3      | Gained mutation: You are weak. (Str -2) [potion of mutation]
  2081 | D:3      | Gained mutation: You have a pair of small horns on your head. [potion of mutation]
  2081 | D:3      | Gained mutation: You passively map a small area around you. [potion of mutation]
  2082 | D:3      | Gained mutation: You occasionally shout uncontrollably at your foes. [potion of mutation]
  2082 | D:3      | Gained mutation: You are robust (+10% HP). [potion of mutation]
  2082 | D:3      | Gained mutation: Armour fits poorly on your strangely shaped body. [potion of mutation]
  2085 | D:3      | Lost mutation: You passively map a small area around you. [potion of cure mutation]
  2085 | D:3      | Lost mutation: Armour fits poorly on your strangely shaped body. [potion of cure mutation]
  2085 | D:3      | Lost mutation: You occasionally shout uncontrollably at your foes. [potion of cure mutation]
  2085 | D:3      | Lost mutation: You are weak. (Str -2) [potion of cure mutation]
  2085 | D:3      | Lost mutation: You have a pair of small horns on your head. [potion of cure mutation]
  2184 | D:4      | Noticed Natasha
  2189 | D:4      | Killed Natasha
  2189 | D:4      | Gained mutation: You have a pair of small horns on your head. [demonic ancestry]
  2189 | D:4      | Reached XP level 5. HP: 40/42 MP: 5/5
  2203 | D:4      | Found a sand-covered staircase.
  2212 | Ossuary  | Entered an ossuary
  2218 | Ossuary  | Reached skill level 4 in Dodging
  2220 | Ossuary  | Slain by a mummy

Vault maps used:
D:1:      tarquinn_simple_flora_water_b
D:2:      lemuel_round_altar, first_bread
D:4:      nicolae_qazlal_style_of_elements,
          lightli_ossuary_entry_decrepit_ruins, minmay_misc_feat_room,
          uniq_natasha
Ossuary:  ossuary_minmay_chase

Action                   |  1- 3 |  4- 6 || total
-------------------------+-------+-------++-------
Melee: War axe           |   114 |    81 ||   195
       Spear             |    14 |       ||    14
  Use: Scroll            |       |     9 ||     9
       Potion            |       |     7 ||     7
  Eat: Chunk             |     2 |     2 ||     4
